Map: Taito Citadel LE

Players

ulissesss - Winner!

  • Race: Protoss Protoss
  • League: Master
  • Spawn Location: 11:00

A.I. 1 (Very Hard)

  • Race: Protoss Protoss
  • Spawn Location: 5:00

VOD

Have the link to the VOD?

Description

Time

  • Played on: May 6, 2026, 3:33 a.m.
  • Length: 7:48
Show
View Real Time Build Order
Export as new Build Order

ulissesss Protoss - Winner!

Build Orders: Phoenix Opening 

Get SALT Encoding   

  12  0:00  Probe  
  13  0:12  Probe  
  14  0:18  Pylon  
  14  0:24  Probe  
  15  0:32  Probe  
  15  0:39  Gateway  
  15  0:40  Probe  
  17  0:51  Probe  
  17  0:52  Assimilator  
  18  0:57  Assimilator  
  18  0:59  Probe  
  19  1:07  Probe  
  19  1:11  Gateway  
  19  1:17  Probe  
  21  1:25  Cybernetics Core  
  21  1:29  Probe  
  22  1:34  Pylon  
  22  1:41  Probe  
  23  1:53  Probe  
  24  1:59  Stalker x2  
  24  2:02  Warp Gate  
  28  2:11  Pylon  
  28  2:26  Stalker  
  28  2:29  Sentry  
  32  2:30  Phoenix  
  32  2:42  Nexus  
  32  2:45  Probe  
  33  2:57  Probe  
  34  2:59  Sentry  
  34  3:05  Pylon  
  36  3:09  Probe  
  36  3:10  Robotics Facility  
  37  3:21  Probe  
  38  3:33  Probe  
  39  3:40  Twilight Council  
  39  3:45  Probe  
  40  3:50  Probe  
  40  3:51  Observer  
  41  3:57  Immortal, Probe  
  41  3:58  Probe  
  44  4:08  Probe  
  49  4:10  Probe  
  49  4:15  Resonating Glaives  
  50  4:20  Probe  
  50  4:22  Probe  
  52  4:28  Gateway  
  52  4:29  Immortal  
  52  4:31  Gateway  
  52  4:34  Probe  
  57  4:39  Gateway  
  57  4:43  Gateway  
  57  4:50  Gateway  
  57  4:53  Gateway  
  57  5:00  Pylon  
  57  5:03  Warp Prism  
  57  5:13  Adept  
  61  5:16  Pylon x2  
  61  5:25  Adept  
  61  5:26  Adept x2  
  67  5:35  Adept x2  
  71  5:59  Adept x6  
  71  6:00  Adept  
  71  6:04  Pylon x2  
  85  6:25  Adept x5  
  87  6:26  Adept, Stalker  
  87  6:32  Stalker  
  89  6:57  Adept x4  
  89  6:58  Adept x2  
  89  7:00  Observer  
  102  7:02  Pylon  
  102  7:03  Pylon  
  101  7:25  Stalker x3, Zealot x2  
  101  7:26  Zealot x3  
Show
View Real Time Build Order
Export as new Build Order

A.I. 1 (Very Hard) Protoss 

Build Orders:  

Get SALT Encoding   

  12  0:00  Probe  
  13  0:13  Probe  
  14  0:20  Pylon  
  14  0:25  Probe  
  15  0:34  Probe  
  15  0:42  Probe  
  16  0:48  Assimilator  
  17  0:50  Gateway  
  17  0:52  Probe  
  18  0:59  Pylon  
  18  1:00  Probe  
  18  1:08  Probe  
  20  1:18  Probe  
  21  1:35  Gateway  
  21  1:36  Probe  
  21  1:37  Zealot  
  24  1:41  Cybernetics Core  
  24  1:48  Probe, Pylon  
  25  1:56  Zealot  
  25  2:00  Probe  
  28  2:09  Assimilator  
  28  2:12  Probe  
  29  2:18  Warp Gate  
  29  2:21  Adept  
  29  2:23  Adept  
  29  2:24  Probe  
  34  2:37  Probe, Pylon  
  35  2:49  Probe  
  35  2:50  Adept  
  35  2:51  Sentry  
  40  3:01  Probe  
  41  3:13  Probe  
  41  3:16  Nexus  
  41  3:19  Stalker  
  42  3:25  Probe  
  45  3:37  Probe  
  45  3:39  Stargate  
  46  3:49  Probe  
  46  3:54  Pylon  
  47  4:10  Assimilator  
  47  4:12  Adept, Probe  
  50  4:23  Stargate  
  51  4:24  Probe x2  
  52  4:32  Probe  
  52  4:36  Probe  
  54  4:42  Probe  
  59  4:45  Void Ray  
  59  4:47  Zealot  
  59  4:48  Probe  
  62  4:54  Probe, Pylon  
  63  5:00  Probe  
  63  5:02  Void Ray  
  68  5:13  Probe  
  69  5:15  Probe  
  69  5:18  Void Ray  
  70  5:24  Pylon  
  70  5:27  Twilight Council  
  74  5:29  Stalker  
  76  5:44  Pylon  
  76  5:48  Assimilator  
  76  5:50  Probe  
  76  5:51  Probe  
  78  6:00  Gateway  
  78  6:02  Probe  
  78  6:03  Probe  
  80  6:07  Templar Archives  
  80  6:10  Pylon  
  80  6:12  Probe  
  80  6:15  Probe  
  82  6:20  Probe  
  82  6:22  Zealot  
  82  6:23  Stalker  
  83  6:27  Probe  
  56  6:42  Stalker, Zealot  
  54  6:54  Sentry, Probe  
  54  6:59  High Templar  
  50  7:02  Sentry  
  50  7:06  Probe  
  45  7:13  Robotics Facility  
  33  7:17  Stalker  
  33  7:18  Probe  
  7  7:25  Adept  
  1  7:31  Zealot  
  1  7:35  Zealot  
Tags
 
League
Master
Matchup
PvP
Spawn Locations
Cross Positions
Add a new tag
Caveats
  • Supply blocks, unpowered buildings, or Contaminate may cause inaccurate times.
  • Supply counts are checked every 10 seconds.